 Dungeon Crawl Stone Soup version 0.24-a0-252-g5076262 (webtiles) character file.

Game seed: 1057987616525818091

71 emperorscorpion the Conjurer (level 4, 0/24 HPs)
             Began as a Deep Elf Conjurer on Apr 17, 2019.
             Was a Follower of Ashenzari.
             Slain by a wyvern (14 damage)
             ... on level 3 of the Dungeon.
             The game lasted 00:02:58 (2359 turns).

emperorscorpion the Conjurer (Deep Elf Conjurer)    Turns: 2359, Time: 00:02:59

Health: 0/24       AC:  6    Str:  5    XL:     4   Next: 5%
Magic:  11/11      EV: 13    Int: 21    God:    Ashenzari [*.....]
Gold:   79         SH:  0    Dex: 15    Spells: 9/10 levels left

rFire    + . .     SeeInvis .   a - +1 dagger (freeze)
rCold    + . .     Gourm    .   (no shield)
rNeg     . . .     Faith    .   e - +0 robe
rPois    +         Spirit   .   (no helmet)
rElec    +         Reflect  .   (no cloak)
rCorr    +         Harm     .   m - +2 pair of gloves
MR       .....                  t - +0 pair of boots
Stlth    ++........             (no amulet)
HPRegen  0.08/turn              o - ring of poison resistance
MPRegen  0.12/turn              (no ring)

@: resistant
A: no striking features
a: Curse Item, Scrying, Renounce Religion


You were on level 3 of the Dungeon.
You worshipped Ashenzari.
Ashenzari was aware of your devotion.
You were not hungry.

You visited 1 branch of the dungeon, and saw 3 of its levels.

You collected 79 gold pieces.

Inventory:

Hand Weapons
 a - a +1 dagger of freezing (weapon)
 l - a +0 short sword
Missiles
 d - 108 stones (quivered)
 i - 15 poisoned needles
 q - 3 tomahawks
 v - 5 javelins
Armour
 e - a +0 robe (worn)
 m - a +2 pair of gloves (worn)
 n - a +0 ring mail
 t - a +0 pair of boots (worn)
Jewellery
 o - a ring of poison resistance (left hand)
Scrolls
 b - 2 scrolls of remove curse
 g - 3 scrolls of teleportation {unknown}
 r - 3 scrolls of identify {unknown}
 s - a scroll of magic mapping {unknown}
Potions
 j - 2 potions of curing {unknown}
 k - 2 potions of mutation {unknown}
 p - a potion of magic {unknown}
Comestibles
 c - 10 rations
 u - 4 chunks of flesh


   Skills:
 + Level 2.6 Dodging
 + Level 3.0 Stealth
 + Level 3.6 Spellcasting
 + Level 5.6 Conjurations


You had 9 spell levels left.
You knew the following spells:

 Your Spells              Type           Power        Failure   Level  Hunger
a - Magic Dart            Conj           ####         1%          1    None

Your spell library contained the following spells:

 Spells                   Type           Power        Failure   Level  Hunger
 Searing Ray              Conj           ####..       1%          2    ##.....
 Dazzling Spray           Conj/Hex       ###...       12%         3    ###....
 Iskenderun's Mystic Bla  Conj           ####....     12%         4    ####...
 Force Lance              Conj/Tloc      ###.....     36%         4    ####...
 Fulminant Prism          Conj/Hex       ###.......   36%         4    ####...


Dungeon Overview and Level Annotations

Branches:
Dungeon (3/15)

Altars:
Ashenzari


Message History

Press: ? - help, Shift-Dir - straight line, f/p - wyvern
Aim: a wyvern (moderately wounded)
The magic dart hits the wyvern.
The wyvern is moderately wounded.
Okay, then.
It was a potion of resistance.
You feel protected. The wyvern bites you.
It was a potion of ambrosia.
You are confused.
You feel invigorated. The wyvern bites you. The wyvern barely misses you.
You hit the wyvern but do no damage.
The wyvern is moderately wounded.
The wyvern bites you but does no damage.
You bump into the granite statue.
The wyvern bites you! The wyvern bites you.
You're too confused to move!
You feel less invigorated.
You feel less confused. The wyvern bites you!
Ouch! That really hurt!
You die...

#.######
#......#
######.######
#......#
######÷.###.##
..............#
######....8...#
#...8.8..#
#..8@_.8.#
#..l8.8...#
#....8....#
#.........#
#.†######.# #.o
.# #.$ # #).


You could see a wyvern and an orc.

Vanquished Creatures
  An ooze (D:2)
  A worm (D:2)
  A dart slug (D:3)
  A leopard gecko (D:3)
  2 orcs (D:3)
  2 ball pythons (D:3)
  6 giant cockroaches
  4 goblins
  3 hobgoblins
  9 jackals
  8 bats
  7 frilled lizards
  4 kobolds
  6 rats
55 creatures vanquished.

Notes
Turn   | Place    | Note
-------+----------+-------------------------------------------
     0 | D:1      | emperorscorpion the Deep Elf Conjurer began the quest for
                  | the Orb.
     0 | D:1      | Reached XP level 1. HP: 10/10 MP: 6/6
   260 | D:1      | Reached XP level 2. HP: 15/15 MP: 5/8
   420 | D:1      | Reached skill level 5 in Conjurations
  1000 | D:2      | Reached XP level 3. HP: 19/19 MP: 5/9
  2316 | D:3      | Found a faded altar of an unknown god.
  2329 | D:3      | Became a worshipper of Ashenzari the Shackled
  2329 | D:3      | Reached * piety under Ashenzari
  2331 | D:3      | Reached XP level 4. HP: 24/24 MP: 8/11
  2351 | D:3      | Noticed a wyvern
  2359 | D:3      | Slain by a wyvern

Levels and vault maps discovered:
D:1:      roderic_dead_forest, layout_basic
D:2:      layout_basic, first_ration
D:3:      layout_loops_ring, chequers_ecumenical_altar_simple_redux

Skill      XL: |  1  2  3  4 |
---------------+-------------+-----
Conjurations   | 5 |  5.6
Stealth        | 3 |  3.0
Dodging        | |  2.6
Spellcasting   | |  3.6

Action                   |  1- 3 |  4- 6 || total
-------------------------+-------+-------++-------
Melee: Dagger            |     8 |     1 ||     9
 Cast: Magic Dart        |   101 |     7 ||   108
  Use: Potion            |       |     2 ||     2
  Eat: Chunk             |     4 |       ||     4
Armor: Robe              |     8 |     1 ||     9
Dodge: Dodged            |     9 |     1 ||    10

Table legend:
 A = Non-vault XP
 B = Vault XP
 C = Vault XP percentage of total XP
 D = Non-vault monster count
 E = Vault monster count
 F = Vault count percentage of total count
                 A         B        C        D         E       F
            +---------+---------+-------+---------+---------+-------
      Total |     102 |       0 |   0.0 |      55 |       0 |   0.0
            +---------+---------+-------+---------+---------+-------
        D:1 |      33 |       0 |   0.0 |      22 |       0 |   0.0
        D:2 |      30 |       0 |   0.0 |      13 |       0 |   0.0
        D:3 |      39 |       0 |   0.0 |      20 |       0 |   0.0
            +---------+---------+-------+---------+---------+-------
